AoeStats
← Hogos

Oasis

509042642Analyzed
2v2 RM · 8d ago on Sep 25, 2026· 40m 32s· 4 players
Game mode
Random Map
Map size
Medium (4 player)
Population
200
Speed
Normal
Resources
Standard
Victory
Conquest
Starting age
Dark Age
Ending age
Imperial Age
RankedLock teamsTeams togetherTeam positionsShared explorationLock speedFull tech treeHidden civsTurbo modeCheats
Victory
Defeat
🇨🇦 Cumans · Canada
1229
+15
🇺🇸 Bohemians · United States
1229
+15
🇲🇽 Saxons · Mexico
1219
-15
🇲🇽 Varangians · Mexico
1202
-15
Hogos
7:07 Loom
9:15 Feudal Age
9:53 Man-at-Arms
15:35 Double-Bit Axe
20:06 Castle Age
20:21 Crossbowman
21:03 Gold Mining
21:25 Fletching
22:08 Bow Saw
29:39 Imperial Age
33:52 Bodkin Arrow
33:58 Padded Archer Armor
34:54 Bow Saw
34:26 Horse Collar
34:34 Arbalester
35:23 Bracer
37:15 Wheelbarrow
39:42 Gold Shaft Mining
39:31 Leather Archer Armor
GianpaMX
6:32 Loom
9:28 Feudal Age
9:58 Double-Bit Axe
9:55 Horse Collar
19:08 Castle Age
18:46 Forging
18:58 Scale Barding Armor
19:08 Bloodlines
19:18 Gold Mining
24:14 Bow Saw
25:12 Heavy Plow
25:40 Husbandry
26:45 Pikeman
27:26 Squires
27:28 Scale Mail Armor
29:07 Iron Casting
28:54 Chain Mail Armor
32:57 Wheelbarrow
32:07 Town Watch
36:41 Hand Cart
38:10 Chain Barding Armor
40:59 Imperial Age
Asgard
10:08 Feudal Age
9:20 Loom
10:42 Loom
15:35 Horse Collar
17:32 Fletching
23:01 Castle Age
20:51 Double-Bit Axe
22:13 Padded Archer Armor
28:07 Wheelbarrow
28:11 Fervor
29:37 Elite Skirmisher
30:47 Bodkin Arrow
32:32 Bow Saw
32:25 Heavy Plow
32:25 Town Watch
35:28 Imperial Age
33:33 Scale Mail Armor
33:44 Forging
34:20 Leather Archer Armor
35:09 Chemistry
33:59 Pikeman
34:40 Squires
34:57 Chain Mail Armor
36:06 Iron Casting
36:25 Siege Engineers
36:33 Bracer
37:06 Ring Archer Armor
37:46 Two-Man Saw
37:43 Conscription
37:58 Ballistics
40:01 Houfnice
Nhitty
7:32 Loom
10:49 Feudal Age
11:53 Double-Bit Axe
11:51 Horse Collar
20:34 Castle Age
19:25 Wheelbarrow
19:50 Gold Mining
21:37 Bow Saw
22:02 Bloodlines
22:41 Gold Shaft Mining
24:01 Scale Barding Armor
24:21 Heavy Plow
25:33 Chain Barding Armor
27:39 Hand Cart
32:28 Imperial Age
32:53 Elite Steppe Lancer
34:24 Forging
36:22 Iron Casting
36:22 Capped Ram
38:11 Plate Barding Armor
39:37 Siege Ram
Connection lost

Rejoining the realm…

Still unreachable

The connection could not be restored.

Session expired

The server has moved on; the page needs a fresh start.